Description

Heromarine TvP guide for 2026

VOD

https://www.youtube.com/watch?v=tB88-qy3uvY

Replay - #2 TvP Most Standard Build

Build Order

Get SALT Encoding   

  12  0:00  SCV  
  13  0:12  SCV  
  14  0:17  Supply Depot  
  14  0:24  SCV  
  15  0:38  SCV  
  15  0:41  Barracks  
  16  0:43  Refinery  
  16  0:50  SCV  
  17  1:03  SCV  
  18  1:15  SCV  
  19  1:28  Reaper, Orbital Command  
  20  1:40  Command Center  
  20  1:48  Supply Depot  
  20  1:53  SCV  
  21  2:00  Marine  
  22  2:05  SCV  
  22  2:08  Factory  
  23  2:14  Bunker  
  23  2:17  SCV  
  23  2:21  Barracks Reactor  
  24  2:23  Refinery  
  26  2:52  Hellion  
  26  2:53  Starport  
  26  2:57  Marine x2  
  31  3:00  Orbital Command  
  32  3:14  Factory Tech Lab  
  32  3:15  Marine x2  
  35  3:23  Barracks  
  36  3:33  Marine x2  
  39  3:36  Raven  
  39  3:39  Factory Tech Lab  
  39  3:40  Supply Depot  
  43  3:51  Marine x2  
  45  4:02  Siege Tank  
  47  4:03  Supply Depot  
  49  4:11  Marine  
  49  4:14  Barracks  
  52  4:17  Stimpack  
  53  4:25  Supply Depot  
  58  4:35  Siege Tank  
  58  4:38  Engineering Bay  
  61  4:39  Refinery  
  68  5:04  Terran Infantry Weapons Level 1  
  68  5:05  Refinery  
  69  5:12  Starport Reactor  
  70  5:17  Factory Reactor  
  75  5:22  Combat Shield  
  76  5:34  Command Center  
  85  5:55  Barracks x2  
  83  6:00  Concussive Shells, Medivac x2  
  85  6:10  Missile Turret x2  
  85  6:13  Marauder x2  
  85  6:15  Widow Mine x2  
  101  6:43  Marauder x2  
  107  6:50  Barracks Reactor, Barracks Tech Lab  
  107  6:51  Medivac x2, Widow Mine x2  
  115  6:58  Terran Infantry Armor Level 1  
  117  7:04  Orbital Command  
  127  7:15  Marauder x3  
  133  7:26  Medivac x2  
  137  7:35  Refinery x2  
  137  7:36  Bunker  
  140  7:42  Armory, Starport  
  140  7:43  Engineering Bay  
  145  7:51  Marauder x3  
  149  7:59  Viking x2  
  149  8:00  Missile Turret  
  151  8:13  Command Center  
  157  8:21  Bunker  
  157  8:26  Bunker  
  136  8:54  Viking x4  
  147  9:04  Terran Infantry Weapons Level 2, Terran Infantry Armor Level 2  
  147  9:05  Terran Ship Weapons Level 1  
  147  9:08  Fusion Core  
  148  9:24  Barracks x2  
  152  9:28  Ghost Academy  
  159  9:34  Bunker  
  159  9:41  Sensor Tower  
  159  9:43  Planetary Fortress  
  160  9:47  Sensor Tower  
  84  9:52  Viking x4  
  162  9:54  Caduceus Reactor  
  170  10:01  Missile Turret x2  
  175  10:16  Barracks Reactor, Barracks Tech Lab  
  175  10:18  Barracks  
  175  10:20  Ghost x3  
  185  10:29  Medivac x2  
  189  10:37  Command Center  
  189  10:43  Command Center  
  189  10:48  Missile Turret x3  
  189  10:49  Command Center  
  189  10:55  Missile Turret, Ghost x3  
  195  10:59  Terran Ship Weapons Level 2  
  195  11:07  Refinery x2  
  195  11:10  Barracks Tech Lab  
  195  11:21  Command Center x2  
  195  11:30  Command Center  
  194  11:35  Missile Turret  
  194  11:38  Terran Infantry Weapons Level 3  
  194  11:42  Terran Infantry Armor Level 3  
  194  11:43  Advanced Ballistics  
  194  11:50  Liberator x2  
  199  12:01  Orbital Command x2  
  199  12:10  Starport  
  199  12:12  Command Center  
  198  12:38  Orbital Command x2  
  196  12:49  Barracks x2  
  196  12:50  Orbital Command  
  200  12:52  Sensor Tower, Planetary Fortress  
  200  12:53  Refinery  
  200  13:00  Refinery, Starport Reactor  
  200  13:41  Terran Ship Weapons Level 3  
  200  13:43  Orbital Command  
  200  13:45  Personal Cloaking  
  194  13:57  Liberator x2  
  192  14:08  Liberator x4  
  197  14:12  Barracks Reactor, Barracks Tech Lab x2  
  197  14:15  Hi-Sec Auto Tracking  
  199  14:19  Neosteel Armor  
  181  14:35  Ghost  
  179  14:55  Ghost  
  181  15:11  Medivac x2  
  153  15:50  Orbital Command  
  150  15:57  Liberator  
Spawning Tool Build Advisor. Get it on Overwolf

Analysis

TvP Standard Bio Build ALL THE NOTES from the video: 1. Open up Reaper Fast Expand – Reaper Scouts for Proxies, SCV that makes 2nd Depot makes Bunker, SCV after Orbital makes Factory, 2nd Gas after Bunker

  1. Get Scouting with Reaper + Hellion

  2. Raven (if Stargate build 1 Cyclone & Vikings instead) for DTs safety, send to harrass Probes when you feel safe enough

  3. 2-3 Tanks defensively vs Blink Stalkers, be careful against 2 base Blink Allins

  4. Go up to 3 Barracks, then 1 Ebay, then 3 CC, then 5 Rax (3 Tech, 2 Reactor) etc.

  5. Get Scouting with single Marines, take third around the time Stim is done, make some Turrets vs Warp Prisms, put Mines at entrances

  6. Get a Bunker at the 3rd base, try to get Scouting-Info (Fast Upgrades + 2nd Starport vs Colossus, Fast Ghosts vs HTs etc.)

  7. Take 4th, 8 Rax in total

  8. Some Late Game Details explained in the last ~8 mins of the video

Go to:

Details

  • Created by: amentini
  • Published on: Jun 04, 2026
  • Modified on: Jun 04, 2026
  • Patch: 5.0.11
  • Difficulty: Hard
Show
View Real Time Build Order
Export as new Build Order

Comments (0)

There are no comments. Be the first!

Create an account to comment!